 Dungeon Crawl Stone Soup version 0.20.0-10-g0535bb4 (webtiles) character file.

147 shinino the Sneak (level 5, 0/37 HPs)
             Began as an Octopode Monk on June 6, 2017.
             Was an Initiate of Gozag.
             Slain by an ogre
             ... wielding a +0 giant spiked club
              (25 damage)
             ... on level 4 of the Dungeon.
             The game lasted 00:05:17 (2723 turns).

shinino the Sneak (Octopode Monk)                   Turns: 2723, Time: 00:05:18

Health: 0/37       AC:  1    Str: 11    XL:     5   Next: 29%
Magic:  5/5        EV: 14    Int: 13    God:    Gozag
Gold:   124        SH:  0    Dex: 14    Spells: 4/4 levels left

rFire    . . .     SeeInvis .     - Unarmed
rCold    . . .     Gourm    .   (no shield)
rNeg     . . .     Faith    .   (helmet restricted)
rPois    .         Spirit   .   (no amulet)
rElec    .         Reflect  .   (no ring)
rCorr    .         Harm     .   (no ring)
MR       .....                  (no ring)
Stlth    ++++......             (no ring)
Regen    0.2/turn               (no ring)
MPRegen  0.1/turn               (no ring)
                                (no ring)
                                (no ring)

@: no status effects
A: almost no armour, stealthy swim, amphibious, 8 rings, constrict 8, camouflage
1, gelatinous body 1
a: Potion Petition, Call Merchant, Bribe Branch, Renounce Religion


You were on level 4 of the Dungeon.
You worshipped Gozag.
Gozag was aware of your devotion.
You were not hungry.

You visited 1 branch of the dungeon, and saw 4 of its levels.

You collected 124 gold pieces.

Inventory:

Wands
 n - a wand of lightning (8/15)
Scrolls
 e - a scroll of fog {unknown}
 f - a scroll of amnesia {unknown}
 h - a scroll of noise {unknown}
 j - a scroll of remove curse
 k - 2 scrolls of magic mapping {unknown}
 m - a scroll of teleportation {unknown}
Potions
 b - a potion of haste
 g - 2 potions of heal wounds
 l - 2 potions of curing {unknown}
 o - a potion of degeneration {unknown}
 p - a potion of cancellation {unknown}
 r - a potion of agility {unknown}
Comestibles
 a - 3 bread rations
 c - 2 royal jellies
 i - a fruit
 q - 2 meat rations


   Skills:
 + Level 3.9 Fighting
 - Level 3.0 Dodging
 + Level 5.1 Stealth
 + Level 4.2 Unarmed Combat


You had 4 spell levels left.
You didn't know any spells.

Dungeon Overview and Level Annotations

Branches:
Dungeon (4/15)
 Temple: D:4-7

Altars:
Gozag


Innate Abilities, Weirdness & Mutations

You cannot wear most types of armour.
You are very stealthy in the water. (Stealth+)
You are amphibious.
You can wear up to eight rings at the same time.
You can use your tentacles to constrict eight enemies at once.
Your skin changes colour to match your surroundings (Stealth+).
Your rubbery body absorbs attacks. (AC +1, EV +1)


Message History

An ogre comes into view. It is wielding a giant spiked club.
There is a stone staircase leading up here.
The helpless ogre fails to defend itself.
You tentacle-slap the ogre.
The ogre is lightly wounded.
You tentacle-slap the ogre but do no damage.
The ogre is lightly wounded.
The ogre hits you with a giant spiked club!
You tentacle-slap the ogre.
The ogre is moderately wounded.
The ogre misses you.
You tentacle-slap the ogre but do no damage.
You squeeze the ogre, but do no damage.
The ogre is moderately wounded.
You tentacle-slap the ogre.
The ogre is heavily wounded.
The ogre hits you with a giant spiked club!!
Ouch! That really hurt!
You die...
Your body crumbles into a pile of gold.

..........
........#
........#
.......#
###......# $
........#
#.O..# #
...####@..#.##.
...............
$
...####...#.###
#<.># ..
#..........
#.###.##### #.
.# # .# .#


You could see an ogre.

Vanquished Creatures
  An orc priest (D:3)
  3 adders (D:2)
  An ooze (D:2)
  2 worms (D:2)
  3 dart slugs
  3 leopard geckos
  5 orcs (D:3)
  5 bats
  A giant cockroach (D:1)
  12 goblins
  5 hobgoblins
  2 quokkas
  A ball python (D:2)
  4 frilled lizards
  5 kobolds
  11 rats
64 creatures vanquished.

Vanquished Creatures (others)
  A bat (D:2)
1 creature vanquished.

Grand Total: 65 creatures vanquished

Notes
Turn   | Place    | Note
-------+----------+-------------------------------------------
     0 | D:1      | shinino the Octopode Monk began the quest for the Orb.
     0 | D:1      | Reached XP level 1. HP: 16/16 MP: 1/1
    37 | D:1      | Reached skill level 3 in Stealth
   179 | D:1      | Reached XP level 2. HP: 18/21 MP: 2/2
   533 | D:1      | Reached XP level 3. HP: 26/26 MP: 3/3
   906 | D:2      | Reached skill level 4 in Stealth
  1386 | D:2      | Reached XP level 4. HP: 22/31 MP: 4/4
  2363 | D:3      | Reached skill level 5 in Stealth
  2363 | D:3      | Reached XP level 5. HP: 31/37 MP: 5/5
  2407 | D:3      | Found a faded altar of an unknown god.
  2692 | D:3      | Became a worshipper of Gozag Ym Sagoz the Greedy
  2715 | D:4      | Noticed an ogre
  2723 | D:4      | Slain by an ogre

Skill      XL: |  1  2  3  4 |
---------------+-------------+-----
Stealth        | 3 4 5 |  5.1
Unarmed Combat | 4 |  4.2
Fighting       | |  3.9
Dodging        | |  3.0

Action                   |  1- 3 |  4- 6 || total
-------------------------+-------+-------++-------
Melee: Unarmed           |    65 |    77 ||   142
       Constrict         |    16 |    20 ||    36
       Tentacles         |    14 |    13 ||    27
       Punch             |     2 |     3 ||     5
  Use: Scroll            |     3 |     1 ||     4
 Stab: Sleeping          |    13 |     9 ||    22
       Distracted        |       |     1 ||     1
  Eat: Chunk             |     1 |     5 ||     6
Armor: Skin              |     5 |     9 ||    14
Dodge: Dodged            |    30 |    36 ||    66
